 Dungeon Crawl Stone Soup version 0.29.1-2-gbd0b4ee654 (webtiles) character file.

Game seed: 14156572294880263332

1542 tevo3000 the Grappler (level 8, -4/46 HPs)
             Began as a Gargoyle Monk on Nov 28, 2022.
             Was a Believer of Cheibriados.
             Slain by a hornet (9 damage)
             ... on level 7 of the Dungeon.
             The game lasted 00:21:52 (8422 turns).

tevo3000 the Grappler (Gargoyle Monk)               Turns: 8422, Time: 00:21:53

Health: -4/46      AC: 18    Str: 21    XL:     8   Next: 87%
Magic:  8/8        EV: 11    Int: 17    God:    Cheibriados [**....]
Gold:   484        SH:  5    Dex: 17    Spells: 7/7 levels left

rFire   . . .      SeeInvis .     - Unarmed
rCold   . . .      Faith    .   (no shield)
rNeg    + . .      Spirit   .   w - +0 scale mail
rPois   ∞          Reflect  +   j - +0 helmet
rElec   +          Harm     .   (no cloak)
rCorr   .          Rampage  .   (no gloves)
Will    .....      Clarity  +   q - +0 pair of boots
Stlth   +.........              e - amulet of reflection
HPRegen 0.15/turn               (no ring)
MPRegen 0.11/turn               (no ring)

@: mighty, very slow
A: sickness immunity, AC +5, negative energy resistance 1, electricity
resistance, torment resistance 1, petrification resistance, talons 1, iridescent
scales 1, clarity
a: Renounce Religion, Bend Time


You were on level 7 of the Dungeon.
You worshipped Cheibriados.
Cheibriados was pleased with you.
You visited 2 branches of the dungeon, and saw 10 of its levels.

You collected 484 gold pieces.

Inventory:

Missiles
 x - 2 throwing nets (quivered)
Armour
 a - a +0 robe
 j - a +0 helmet (worn)
 q - a +0 pair of boots (worn)
 w - a +0 scale mail (worn)
Jewellery
 e - an amulet of reflection (around neck)
 i - an amulet of faith
Wands
 g - a wand of quicksilver (10)
 s - a wand of flame (7)
 v - a wand of charming (8)
 A - a wand of polymorph (9)
Scrolls
 b - 5 scrolls of magic mapping
 c - 5 scrolls of identify {unknown}
 d - 3 scrolls of teleportation {unknown}
 f - 2 scrolls of blinking {unknown}
 k - a scroll of noise {unknown}
 l - 2 scrolls of enchant armour {unknown}
 m - a scroll of summoning {unknown}
 o - 3 scrolls of fog {unknown}
 p - a scroll of immolation {unknown}
 t - a scroll of fear {unknown}
 y - a scroll of vulnerability {unknown}
Potions
 n - a potion of magic
 r - 2 potions of flight
 u - a potion of resistance {unknown}


   Skills:
 - Level 3.2 Fighting
 + Level 6.6 Armour
 - Level 2.4 Dodging
 - Level 2.1 Stealth
 * Level 9.4 Unarmed Combat


You had 7 spell levels left.
You didn't know any spells.
Your spell library contained the following spells:

 Spells                   Type           Power      Damage    Failure   Level
 Blink                    Tloc           0%         N/A       65%         2
 Ensorcelled Hibernation  Hex/Ice        0%         N/A       65%         2
 Passwall                 Tmut/Erth      0%         N/A       65%         2
 Gell's Gravitas          Tloc           0%         N/A       86%         3
 Lesser Beckoning         Tloc           0%         N/A       86%         3
 Ozocubu's Armour         Ice            0%         N/A       86%         3
 Swiftness                Air            0%         N/A       86%         3
 Teleport Other           Tloc           0%         N/A       86%         3
 Manifold Assault         Tloc           0%         N/A       100%        5
 Dispersal                Tloc           0%         N/A       100%        6
 Ozocubu's Refrigeration  Ice            0%         4d7       100%        7


Dungeon Overview and Level Annotations

Branches:
Dungeon (9/15)             Temple (1/1) D:7
   Lair: D:8-11         Orc: D:9-12

Altars:
Ashenzari
Cheibriados
Dithmenos
Elyvilon
Fedhas
Gozag
Hepliaklqana
Kikubaaqudgha
Makhleb
Nemelex Xobeh
Okawaru
Qazlal
Ru
Sif Muna
Trog
Uskayaw
Wu Jian
Xom
Yredelemnul
Zin
The Shining One

Shops:
D:5 :   D:6 :   D:8 [

Annotations:
D:5 3 runed translucent doors, mkat's ghost, novice SpHu


Innate Abilities, Weirdness & Mutations

You are immune to sickness and miasma.
Your stone body is resilient. (AC +5)
You are immune to poison.
You resist negative energy. (rN+)
You are resistant to electric shocks. (rElec)
You are resistant to unholy torment.
You are immune to petrification.
You have sharp toenails.
You are partially covered in iridescent scales. (AC +2)
You possess an exceptional clarity of mind.


Message History

You feel invigorated. The bullfrog hits you.
The hornet stings you but does no damage.
The bullfrog hits you but does no damage.
The hornet stings you but does no damage.
You bump into the rock wall.
The bullfrog barely misses you. The hornet closely misses you.
You miss the hornet. The bullfrog barely misses you.
The hornet stings you but does no damage.
You bump into the rock wall.
The bullfrog hits you but does no damage.
The hornet stings you. The bullfrog closely misses you.
The hornet closely misses you. The hornet attacks as you move away!
The hornet stings you but does no damage.
You feel less invigorated.
You feel less confused. The bullfrog barely misses you. The hornet stings you.
The hornet attacks as you move away! You block the hornet's attack.
The bullfrog attacks as you move away! The bullfrog closely misses you.
The bullfrog hits you. The hornet stings you.
The bullfrog attacks as you move away! You block the bullfrog's attack.
Found a stone staircase leading down.
The bullfrog hits you but does no damage.
The hornet stings you but does no damage.
The bullfrog hits you. The bullfrog attacks as you move away!
The bullfrog hits you! The hornet stings you!
The hornet stings you but does no damage.
It was a potion of magic.
Magic courses through your body. The hornet stings you!
* * * LOW HITPOINT WARNING * * *
It was a potion of might.
You feel very mighty all of a sudden.
The hornet stings you but does no damage.
The hornet barely misses you. The hornet attacks as you move away!
The hornet misses you.
The hornet stings you but does no damage.
You see here a +0 spear.
The hornet stings you!
You die...

#.#.)## ###### #.#...##
##.....## #.##...#
........## #.###..#
.........#####.####.####
...............))......!
.........###.####.......
.........# #.# #.......
..>....@)###.# #.......
........yF##.####.......
........#.##.##........!
##.....##KK.....#.......
#######.K....###......[
.....................
########.............
#.##..#.#....#
#######.##.##.#....#


You could see a hornet, a kobold brigand, a bullfrog and a kobold.

Vanquished Creatures
  A wyvern (D:7)
  A water moccasin (D:5)
  A black bear (D:6)
  An ice beast (D:7)
  A centaur (D:6)
  A phantom (D:5)
  A kobold brigand (D:5)
  A bullfrog (D:7)
  A gnoll sergeant (D:7)
  A gnoll bouda (D:7)
  4 orc priests
  2 hounds
  A jelly (D:7)
  3 iguanas
  5 orc wizards
  15 gnolls
  4 adders
  A shadow imp (D:5)
  A white imp (D:6)
  2 ufetubi
  2 worms (D:3)
  21 orcs
  4 endoplasms
  4 giant cockroaches
  10 goblins
  9 hobgoblins
  5 quokkas
  13 ball pythons
  7 bats
  2 frilled lizards
  11 kobolds
  7 rats
143 creatures vanquished.

Vanquished Creatures (others)
  A kobold (D:5)
1 creature vanquished.

Grand Total: 144 creatures vanquished

Notes
Turn   | Place    | Note
-------+----------+-------------------------------------------
     0 | D:1      | tevo3000 the Gargoyle Monk began the quest for the Orb.
     0 | D:1      | Reached XP level 1. HP: 14/14 MP: 1/1
   513 | D:1      | Reached XP level 2. HP: 19/19 MP: 2/2
   645 | D:1      | Reached skill level 1 in Armour
  1244 | D:1      | Found a faded altar of an unknown god.
  1488 | D:2      | Reached XP level 3. HP: 11/23 MP: 3/3
  1729 | D:2      | Reached skill level 4 in Unarmed Combat
  2132 | D:2      | Reached XP level 4. HP: 14/28 MP: 4/4
  2142 | D:2      | Gained mutation: You possess an exceptional clarity of
                  | mind. [potion of mutation]
  2142 | D:2      | Gained mutation: You are partially covered in iridescent
                  | scales. (AC +2) [potion of mutation]
  2142 | D:2      | Gained mutation: You have sharp toenails. [potion of
                  | mutation]
  2831 | D:3      | Reached XP level 5. HP: 26/32 MP: 5/5
  3476 | D:4      | Found a stormy altar of Qazlal.
  3476 | D:4      | Found an ancient bone altar of Kikubaaqudgha.
  3534 | D:4      | Reached skill level 5 in Unarmed Combat
  3953 | D:4      | Reached XP level 6. HP: 14/37 MP: 6/6
  4182 | D:4      | Found a shadowy altar of Dithmenos.
  4231 | D:4      | Reached skill level 6 in Unarmed Combat
  4620 | D:4      | Found a sacrificial altar of Ru.
  4882 | D:5      | Entered Level 5 of the Dungeon
  5120 | D:5      | Found a basalt altar of Yredelemnul.
  5158 | D:5      | Found Noextec's Book Shop.
  5232 | D:5      | Reached XP level 7. HP: 34/41 MP: 7/7
  5493 | D:5      | Reached skill level 7 in Unarmed Combat
  5720 | D:5      | Noticed mkat's ghost (novice SpHu)
  5745 | D:5      | Found a runed translucent gate.
  5745 | D:5      | Found a runed translucent gate.
  5745 | D:5      | Found a runed translucent gate.
  6099 | D:5      | Found a sparkling altar of Nemelex Xobeh.
  6099 | D:5      | Found an iron altar of Okawaru.
  6230 | D:5      | Reached skill level 5 in Armour
  6666 | D:6      | Reached XP level 8. HP: 42/46 MP: 8/8
  6673 | D:6      | Reached skill level 8 in Unarmed Combat
  6713 | D:6      | Found Qiumm's Book Shop.
  7210 | D:6      | You fall into a shaft and drop 3 floors!
  7302 | D:9      | Found a blossoming altar of Fedhas.
  7365 | D:8      | Found Zekhlywk's Armour Shoppe.
  7421 | D:7      | Found a staircase to the Ecumenical Temple.
  7431 | Temple   | Entered the Ecumenical Temple
  7454 | Temple   | Became a worshipper of Cheibriados the Contemplative
  7454 | Temple   | Reached * piety under Cheibriados
  7454 | Temple   | Reached ** piety under Cheibriados
  8299 | D:7      | Noticed a wyvern
  8312 | D:7      | Killed a wyvern
  8313 | D:7      | Reached skill level 9 in Unarmed Combat
  8394 | D:7      | Noticed a hornet
  8422 | D:7      | Slain by a hornet

Illustrated notes

Levels and vault maps discovered:
D:1:      amcnicky_arrival_underground_garden, layout_loops_corners,
          shapermc_ecumenical_altar_pompeii
D:2:      layout_basic
D:3:      layout_basic
D:4:      layout_gridville, nicolae_ru_path_of_blood,
          gammafunk_temple_overflow_wave, mainiacjoe_overflow_small_starburst
D:5:      layout_basic, gammafunk_temple_overflow_pools, old_standard_altar,
          serial_shops, shop, gammafunk_ghost_icy, nicolae_hexahallways
D:6:      minmay_cornered_nines, layout_basic, serial_shops,
          nicolae_diamond_shop
D:7:      layout_rooms, minmay_temple_entry_mini_moons
D:8:      layout_basic, kennysheep_mini_moat, erik_lair_dragon,
          ebering_ghost_funeral_grove, serial_shops, nicolae_shop_statue_plus
D:9:      minmay_s_stair_smasher, layout_long_grid,
          mainiacjoe_overflow_surrounded_room, special_room [special_room_orc],
          gammafunk_ghost_cemetery
Temple:   oiseaux_autumnal_temple

Skill      XL: |  1  2  3  4  5  6  7  8 |
---------------+-------------------------+-----
Armour         | 1 2 3 4 5 6 |  6.6
Unarmed Combat | 4 5 6 7 9 |  9.4
Fighting       | |  3.2
Dodging        | |  2.4
Stealth        | |  2.1

Action                   |  1- 3 |  4- 6 |  7- 9 || total
-------------------------+-------+-------+-------++-------
Melee: Unarmed           |   135 |   255 |   183 ||   573
       Punch             |     2 |     6 |    12 ||    20
       Kick              |       |    64 |     1 ||    65
  Use: Potion            |     3 |    10 |     4 ||    17
       Scroll            |       |       |     1 ||     1
 Stab: Sleeping          |     5 |     4 |     2 ||    11
Armor: Robe              |    46 |    87 |    34 ||   167
       Skin              |       |     3 |       ||     3
       Scale mail        |       |       |    59 ||    59
Dodge: Dodged            |    97 |   111 |   105 ||   313
Block: Other             |    40 |    50 |    40 ||   130
       Reflection        |       |     3 |     2 ||     5
